Carnivores vs Atomiques

Created - April 3, 2018 at 19:21

Goals
1 2 3 T
Carnivores 0 2 4 6
Atomiques 0 1 1 2
Shots
1 2 3 T
Carnivores 14 8 11 33
Atomiques 8 10 13 31

1st period

No Goal

Penalties :
Jeremy Welsh (Bre) for Holding (Minor) at 9:59

2nd period

1. Carnivores , Ryan Murray 5 (Steve Begin 17, Brendan Gallagher 42) at 5:09 (PP)
2. Carnivores , Joe Corvo 1 (Steve Begin 18) at 10:17
3. Atomiques , Tyler Brenner 24 (Kenndal McArdle 30, Kyle Wharton 15) at 10:33

Penalties :
Corey Tropp (STB) for Hooking (Minor) at 3:44, Jeremy Williams (Bre) for Hooking (Minor) at 6:59, Joe Corvo (Bre) for Hooking (Minor) at 16:36

3rd period

4. Carnivores , Zack Smith 14 (Jeremy Williams 15, Jeremy Welsh 18) at 2:18
5. Carnivores , Blake Geoffrion 31 (Nikita Alexeev 12) at 7:52 (PP)
6. Carnivores , Steve Begin 15 (Brendan Gallagher 43, Anton Gustafsson 50) at 10:23
7. Carnivores , Scott Laughton 16 (Colton Orr 1, Zack Smith 20) at 14:33
8. Atomiques , Colby Cohen 2 (Kenndal McArdle 31, Ryan Shannon 40) at 17:27

Penalties :
Steve Begin (Bre) for Holding (Minor) at 2:37, Bobby Farnham (STB) for Holding (Minor) at 7:17, Tyler Brenner (STB) for Interference (Minor) at 18:16

Goalie Stats

Mike McKenna (Bre), 29 saves from 31 shots - (0.935), W, 16-9-3, 60:00 minutes
Sergei Bobrovsky (STB), 27 saves from 33 shots - (0.818), L, 30-18-4, 60:00 minutes

Players Stats for Carnivores

Player Name              G  A  P  +/- PIM S  H  SB GA TA FO     MP     PP MP  PK MP  
------------------------------------------------------------------------------------
Adam Pelech              0  0  0   0  0   0  0  1  0  0  0/0     6:18   0:00   0:00 
Anton Gustafsson         0  1  1  -1  0   2  2  2  0  0  19/31  19:42   2:07   1:30 
Blake Geoffrion          1  0  1   0  0   3  1  0  1  1  1/1    17:54   1:36   1:27 
Brendan Gallagher        0  2  2  -1  0   8  1  1  1  0  0/2    21:48   2:07   4:05 
Colton Orr               0  1  1   2  0   3  0  0  0  0  0/0     8:21   0:00   0:00 
Jeremy Welsh             0  1  1   1  2   1  3  0  0  1  0/1    11:16   0:00   1:44 
Jeremy Williams          0  1  1   1  2   4  0  0  1  1  1/1     9:36   0:00   0:00 
Joe Corvo                1  0  1   0  2   3  0  5  1  1  0/0    24:14   2:37   3:28 
Josh Manson              0  0  0   2  0   0  2  0  0  0  0/0    10:55   0:00   0:49 
Markus Granlund          0  0  0   0  0   0  1  0  0  0  6/13   15:58   1:36   0:00 
Mat Clark                0  0  0   2  0   0  1  1  0  0  0/0     9:48   0:00   0:00 
Nate Schmidt             0  0  0   0  0   1  2  3  0  0  0/0    25:23   2:37   4:41 
Nicolas Kerdiles         0  0  0   2  0   0  1  0  0  0  1/1    10:45   0:00   2:05 
Nikita Alexeev           0  1  1   0  0   1  0  0  1  1  1/1    15:58   1:36   0:00 
Ryan Murray              1  0  1   0  0   1  1  0  0  1  0/0    18:31   1:06   3:15 
Sasha Pokulok            0  0  0   0  0   1  0  2  0  1  0/0    18:06   1:06   3:08 
Scott Laughton           1  0  1   2  0   2  0  0  0  0  1/2    10:19   0:00   1:58 
Steve Begin              1  2  3  -1  2   2  1  0  0  1  1/4    21:05   2:07   3:03 
T.J Brodie               0  0  0   0  0   0  1  0  0  0  0/0     6:49   0:00   0:31 
Zack Smith               1  1  2   1  0   1  1  0  0  0  0/2     9:14   0:00   0:00 

Players Stats for Atomiques

Player Name              G  A  P  +/- PIM S  H  SB GA TA FO     MP     PP MP  PK MP  
------------------------------------------------------------------------------------
Andreas Engqvist         0  0  0  -1  0   0  1  0  1  0  0/4     8:44   0:00   0:00 
Andrew Kozek             0  0  0   0  0   0  1  1  1  0  0/0    11:16   0:20   0:55 
Anthony Nigro            0  0  0   0  0   0  0  0  0  0  0/0     0:34   0:34   0:00 
Bobby Farnham            0  0  0   0  2   0  1  0  0  0  0/0    10:00   0:00   0:00 
Brett Sutter             0  0  0   0  0   0  1  2  1  0  1/2    11:09   0:20   0:48 
Brock McGinn             0  0  0  -1  0   0  1  0  0  0  0/0     8:44   0:00   0:00 
Colby Cohen              1  0  1  -2  0   1  1  1  0  0  0/0    19:08   3:01   2:09 
Corey Tropp              0  0  0  -1  2   4  1  0  0  0  1/1    17:10   2:01   0:00 
Darren Kramer            0  0  0   0  0   0  0  0  0  0  0/0     0:50   0:34   0:16 
Dwight King              0  0  0  -1  0   2  2  0  2  0  0/1    17:26   2:01   0:15 
Eric Gustafsson          0  0  0   0  0   0  0  0  0  0  0/0    10:14   0:00   0:00 
Eric Mestery             0  0  0   0  0   1  0  0  0  0  0/0    10:14   0:00   0:00 
Fredrik Claesson         0  0  0   0  0   0  0  1  0  0  0/0     4:53   0:00   0:00 
John Draeger             0  0  0   0  0   0  1  0  0  0  0/0     4:53   0:00   0:00 
Jonas Junland            0  0  0   0  0   2  0  0  0  1  0/0    25:45   4:55   1:34 
Joseph Cramarossa        0  0  0   0  0   0  0  0  0  0  0/1     0:54   0:00   0:54 
Kenndal McArdle          0  2  2   0  0   5  0  0  0  0  1/2    21:50   5:01   2:23 
Kyle Wharton             0  1  1   0  0   3  1  1  0  0  0/0    25:45   4:55   1:34 
Marc-André Cliche        0  0  0  -1  0   3  1  1  0  1  5/9    17:11   2:01   0:00 
Max McCormick            0  0  0   0  0   0  1  0  0  0  0/0     0:38   0:38   0:00 
Mike Halmo               0  0  0   0  0   0  0  0  0  0  0/0     0:10   0:00   0:10 
Mitch Callahan           0  0  0  -1  0   0  0  0  0  0  0/0     8:54   0:10   0:00 
Ryan Shannon             0  1  1   0  0   4  1  0  1  2  2/2    19:48   5:07   0:15 
Shayne Gostisbehere      0  0  0  -2  0   0  0  1  1  1  0/0    19:08   3:01   2:09 
Tyler Brenner            1  0  1   0  2   6  2  0  1  0  18/37  20:56   5:01   1:30 

3 Stars

1 - Zack Smith (Bre)
2 - Scott Laughton (Bre)
3 - Steve Begin (Bre)

Power Play

Carnivores - 2 on 3 Attempt(s) - 66.67%
Atomiques - 0 on 4 Attempt(s) - 0.00%

Penalty Kill

Carnivores - 4 on 4 Attempt(s) - 100.00% - Score 0 goal in Penalty Kill
Atomiques - 1 on 3 Attempt(s) - 33.33% - Score 0 goal in Penalty Kill

Team Stat

Carnivores - Hits : 18 - Faceoff Wins : 31 - Blocked Shots : 15 - Penalty Minutes : 8
Atomiques - Hits : 16 - Faceoff Wins : 28 - Blocked Shots : 8 - Penalty Minutes : 6

Official

Referees : McCreary Bill and StLaurent Francois
Linesman : Mark Wheler and Steve Barton

Game Notes

No Game Note

Finance

Level 1 -- Attendance: 1417 (70.85%) -- Ticket Income $56,680
Level 2 -- Attendance: 754 (75.40%) -- Ticket Income $15,080
Total Attendance: 2171 (72.37%)
Total Ticket Income: $71,760
Other Income: $3,588
Total Income: $75,348

Carnivores

5 vs 5 Forward 
   Center                   Left Wing                Right Wing               Time % Phy DF OF 
 1 Anton Gustafsson         Steve Begin              Brendan Gallagher        40     1   2  2  
 2 Markus Granlund          Blake Geoffrion          Nikita Alexeev           30     1   2  2  
 3 Zack Smith               Jeremy Welsh             Jeremy Williams          20     1   2  2  
 4 Scott Laughton           Nicolas Kerdiles         Colton Orr               10     1   2  2  

5 vs 5 Defense 
   Defense                  Defense                                           Time % Phy DF OF 
 1 Joe Corvo                Nate Schmidt                                      40     1   2  2  
 2 Ryan Murray              Sasha Pokulok                                     30     1   2  2  
 3 Mat Clark                Josh Manson                                       20     1   2  2  
 4 T.J Brodie               Adam Pelech                                       10     1   2  2  

PowerPlay Forward 
   Center                   Left Wing                Right Wing               Time % Phy DF OF 
 1 Anton Gustafsson         Steve Begin              Brendan Gallagher        60     1   2  2  
 2 Markus Granlund          Blake Geoffrion          Nikita Alexeev           40     1   2  2  

PowerPlay Defense
   Defense                  Defense                                           Time % Phy DF OF 
 1 Joe Corvo                Nate Schmidt                                      60     1   2  2  
 2 Ryan Murray              Sasha Pokulok                                     40     1   2  2  

Penalty Kill 4 Players Forward 
   Center                   Wing                     Time % Phy DF OF 
 1 Steve Begin              Brendan Gallagher        60     1   2  2  
 2 Anton Gustafsson         Blake Geoffrion          40     1   2  2  

Penalty Kill 4 Players Defense
   Defense                  Defense                  Time % Phy DF OF 
 1 Joe Corvo                Nate Schmidt             60     1   2  2  
 2 Ryan Murray              Sasha Pokulok            40     1   2  2  

Penalty Kill - 3 Players Forward 
   Forward                                           Time % Phy DF OF 
 1 Steve Begin                                       60     1   2  2  
 2 Nikita Alexeev                                    40     1   2  2  

Penalty Kill - 3 Players Defense
   Defense                  Defense                  Time % Phy DF OF 
 1 Joe Corvo                Nate Schmidt             60     1   2  2  
 2 Ryan Murray              Sasha Pokulok            40     1   2  2  

4 vs 4 Forward 
   Center                   Wing                     Time % Phy DF OF 
 1 Steve Begin              Nikita Alexeev           60     1   2  2  
 2 Jeremy Williams          Blake Geoffrion          40     1   2  2  

4 vs 4 Defense
   Defense                  Defense                  Time % Phy DF OF 
 1 Joe Corvo                Nate Schmidt             60     1   2  2  
 2 Ryan Murray              Sasha Pokulok            40     1   2  2  

Last Minutes Offensive
   Center                   Left Wing                Right Wing               Defense                  Defense                  
   Anton Gustafsson         Steve Begin              Brendan Gallagher        Joe Corvo                Nate Schmidt             

Last Minutes Defensive
   Center                   Left Wing                Right Wing               Defense                  Defense                  
   Anton Gustafsson         Steve Begin              Brendan Gallagher        Joe Corvo                Nate Schmidt             

Goaltenders
Starting : Mike McKenna             
Backup : Antti Raanta             

Extra Forwards
Normal : Jeremy Williams, Scott Laughton, Jeremy Welsh - PP : Jeremy Williams, Scott Laughton - PK : Jeremy Welsh
Extra Defensemen
Normal : Mat Clark, Josh Manson, T.J Brodie - PP : Mat Clark - PK : Josh Manson, T.J Brodie
Penalty Shots
Steve Begin, Nikita Alexeev, Jeremy Williams, Blake Geoffrion, Brendan Gallagher

Scratches
David Schlemko (Healthy), Mattias Backman (Healthy), Adam Almquist (Healthy), Stanislav Galiev (Healthy), Mark MacMillan (Healthy)
Tyler Graovac (Healthy), Patrick McNeill (Healthy), Troy Bourke (Healthy), Alexandre Mallet (Healthy), Michael Schumacher (Healthy)
Daniel Altshuller (Healthy)

Atomiques

5 vs 5 Forward 
   Center                   Left Wing                Right Wing               Time % Phy DF OF 
 1 Tyler Brenner            Kenndal McArdle          Ryan Shannon             40     1   2  2  
 2 Marc-André Cliche        Dwight King              Corey Tropp              30     1   2  2  
 3 Brett Sutter             Andrew Kozek             Bobby Farnham            20     1   2  2  
 4 Andreas Engqvist         Brock McGinn             Mitch Callahan           10     1   2  2  

5 vs 5 Defense 
   Defense                  Defense                                           Time % Phy DF OF 
 1 Kyle Wharton             Jonas Junland                                     40     1   2  2  
 2 Shayne Gostisbehere      Colby Cohen                                       30     1   2  2  
 3 Eric Mestery             Eric Gustafsson                                   20     1   2  2  
 4 John Draeger             Fredrik Claesson                                  10     1   2  2  

PowerPlay Forward 
   Center                   Left Wing                Right Wing               Time % Phy DF OF 
 1 Tyler Brenner            Kenndal McArdle          Ryan Shannon             60     1   2  2  
 2 Marc-André Cliche        Dwight King              Corey Tropp              40     1   2  2  

PowerPlay Defense
   Defense                  Defense                                           Time % Phy DF OF 
 1 Kyle Wharton             Jonas Junland                                     60     1   2  2  
 2 Shayne Gostisbehere      Colby Cohen                                       40     1   2  2  

Penalty Kill 4 Players Forward 
   Center                   Wing                     Time % Phy DF OF 
 1 Tyler Brenner            Kenndal McArdle          60     1   2  2  
 2 Ryan Shannon             Dwight King              40     1   2  2  

Penalty Kill 4 Players Defense
   Defense                  Defense                  Time % Phy DF OF 
 1 Kyle Wharton             Jonas Junland            60     1   2  2  
 2 Shayne Gostisbehere      Colby Cohen              40     1   2  2  

Penalty Kill - 3 Players Forward 
   Forward                                           Time % Phy DF OF 
 1 Tyler Brenner                                     60     1   2  2  
 2 Kenndal McArdle                                   40     1   2  2  

Penalty Kill - 3 Players Defense
   Defense                  Defense                  Time % Phy DF OF 
 1 Kyle Wharton             Jonas Junland            60     1   2  2  
 2 Shayne Gostisbehere      Colby Cohen              40     1   2  2  

4 vs 4 Forward 
   Center                   Wing                     Time % Phy DF OF 
 1 Tyler Brenner            Kenndal McArdle          60     1   2  2  
 2 Ryan Shannon             Dwight King              40     1   2  2  

4 vs 4 Defense
   Defense                  Defense                  Time % Phy DF OF 
 1 Kyle Wharton             Jonas Junland            60     1   2  2  
 2 Shayne Gostisbehere      Colby Cohen              40     1   2  2  

Last Minutes Offensive
   Center                   Left Wing                Right Wing               Defense                  Defense                  
   Tyler Brenner            Kenndal McArdle          Ryan Shannon             Kyle Wharton             Jonas Junland            

Last Minutes Defensive
   Center                   Left Wing                Right Wing               Defense                  Defense                  
   Tyler Brenner            Kenndal McArdle          Ryan Shannon             Kyle Wharton             Jonas Junland            

Goaltenders
Starting : Sergei Bobrovsky         
Backup : Jeremy Smith             

Extra Forwards
Normal : Anthony Nigro, Darren Kramer, Joseph Cramarossa - PP : Anthony Nigro, Darren Kramer - PK : Joseph Cramarossa
Extra Defensemen
Normal : Eric Mestery, Eric Gustafsson, John Draeger - PP : Eric Mestery - PK : Eric Gustafsson, John Draeger
Penalty Shots
Tyler Brenner, Kenndal McArdle, Ryan Shannon, Dwight King, Marc-André Cliche

Scratches
Francois Tremblay (Healthy)

% Time on Ice - Carnivores

Lines # - Real PCT - Wanted PCT - Time Play
Normal Forward
1 - 33% - 40% - 15:55
2 - 31% - 30% - 14:51
3 - 19% - 20% - 9:14
4 - 17% - 10% - 8:21
Normal Defense
1 - 38% - 40% - 18:23
2 - 29% - 30% - 13:52
3 - 20% - 20% - 9:48
4 - 13% - 10% - 6:18
PP Forward
1 - 57% - 60% - 2:07
2 - 43% - 40% - 1:36
PP Defense
1 - 70% - 60% - 2:37
2 - 30% - 40% - 1:06
PK Forward
1 - 81% - 60% - 6:26
2 - 19% - 40% - 1:30
PK Defense
1 - 61% - 60% - 4:48
2 - 39% - 40% - 3:08
PK3 Forward
1 - 0% - 60%
2 - 0% - 40%
PK3 Defense
1 - 0% - 60%
2 - 0% - 40%
44 Forward
1 - 0% - 60%
2 - 0% - 40%
44 Defense
1 - 0% - 60%
2 - 0% - 40%
Last Minute Offensive  - 0:00
Last Minute Defensive  - 0:00
Total
Forward - 60:00
Defense - 60:00

% Time on Ice - Atomiques

Lines # - Real PCT - Wanted PCT - Time Play
Normal Forward
1 - 30% - 40% - 14:26
2 - 31% - 30% - 15:10
3 - 21% - 20% - 10:01
4 - 18% - 10% - 8:44
Normal Defense
1 - 40% - 40% - 19:16
2 - 29% - 30% - 13:58
3 - 21% - 20% - 10:14
4 - 10% - 10% - 4:53
PP Forward
1 - 75% - 60% - 5:55
2 - 25% - 40% - 2:01
PP Defense
1 - 62% - 60% - 4:55
2 - 38% - 40% - 3:01
PK Forward
1 - 93% - 60% - 3:28
2 - 7% - 40% - 0:15
PK Defense
1 - 42% - 60% - 1:34
2 - 58% - 40% - 2:09
PK3 Forward
1 - 0% - 60%
2 - 0% - 40%
PK3 Defense
1 - 0% - 60%
2 - 0% - 40%
44 Forward
1 - 0% - 60%
2 - 0% - 40%
44 Defense
1 - 0% - 60%
2 - 0% - 40%
Last Minute Offensive  - 0:00
Last Minute Defensive  - 0:00
Total
Forward - 60:00
Defense - 60:00

Play by Play

1st period


0:01 of 1st period - Anton Gustafsson wins face-off versus Tyler Brenner in neutral zone.
0:26 of 1st period - Blake Geoffrion is hit by Marc-André Cliche and loses puck.
0:58 of 1st period - Slapshot by Jeremy Williams.
0:58 of 1st period - Stopped by Sergei Bobrovsky with a rebound.
2:29 of 1st period - Wrist shot by Jeremy Welsh.
2:29 of 1st period - Stopped by Sergei Bobrovsky without a rebound.
2:30 of 1st period - Tyler Brenner wins face-off versus Anton Gustafsson in Atomiques zone.
4:37 of 1st period - Slapshot by Jeremy Williams.
4:37 of 1st period - Shot Blocked by Fredrik Claesson.
4:39 of 1st period - Slapshot by Joe Corvo.
4:39 of 1st period - Deflect By Jeremy Williams.
4:39 of 1st period - Stopped by Sergei Bobrovsky with a rebound.
4:41 of 1st period - Slapshot by Jeremy Williams.
4:41 of 1st period - Deflect By Brett Sutter.
4:41 of 1st period - Stopped by Sergei Bobrovsky with a rebound.
4:43 of 1st period - Slapshot by Joe Corvo.
4:43 of 1st period - Stopped by Sergei Bobrovsky with a rebound.
4:45 of 1st period - Snap shot by Joe Corvo.
4:45 of 1st period - Shot Misses the Net.
4:47 of 1st period - Snap shot by Nate Schmidt.
4:47 of 1st period - Shot Blocked by Andrew Kozek.
5:05 of 1st period - Slapshot by Ryan Shannon.
5:05 of 1st period - Stopped by Mike McKenna without a rebound.
5:06 of 1st period - Ryan Shannon wins face-off versus Anton Gustafsson in Carnivores zone.
5:31 of 1st period - Markus Granlund is hit by Kyle Wharton.
5:41 of 1st period - Snap shot by Nikita Alexeev.
5:41 of 1st period - Shot Blocked by Shayne Gostisbehere.
5:59 of 1st period - Snap shot by Brett Sutter.
5:59 of 1st period - Shot Blocked by Nate Schmidt.
6:18 of 1st period - Nate Schmidt is hit by Andreas Engqvist and loses puck.
6:37 of 1st period - Snap shot by Ryan Shannon.
6:37 of 1st period - Shot Blocked by Sasha Pokulok.
6:39 of 1st period - Slapshot by Eric Mestery.
6:39 of 1st period - Deflect By Tyler Brenner.
6:39 of 1st period - Stopped by Mike McKenna with a rebound.
6:41 of 1st period - Wrist shot by Tyler Brenner.
6:41 of 1st period - Shot Misses the Net.
6:43 of 1st period - Slapshot by Eric Mestery.
6:43 of 1st period - Shot Misses the Net.
6:55 of 1st period - Slapshot by Ryan Murray.
6:55 of 1st period - Shot Blocked by Marc-André Cliche.
6:57 of 1st period - Snap shot by Blake Geoffrion.
6:57 of 1st period - Shot Misses the Net.
7:05 of 1st period - Snap shot by Blake Geoffrion.
7:05 of 1st period - Stopped by Sergei Bobrovsky with a rebound.
7:41 of 1st period - Wrist shot by Kenndal McArdle.
7:41 of 1st period - Stopped by Mike McKenna with a rebound.
7:43 of 1st period - Snap shot by Tyler Brenner.
7:43 of 1st period - Shot Misses the Net.
8:35 of 1st period - Snap shot by Steve Begin.
8:35 of 1st period - Shot Misses the Net.
8:41 of 1st period - Anton Gustafsson is hit by Andrew Kozek and loses puck.
9:14 of 1st period - Snap shot by Brendan Gallagher.
9:14 of 1st period - Shot Misses the Net.
9:16 of 1st period - Wrist shot by Steve Begin.
9:16 of 1st period - Deflect By Anton Gustafsson.
9:16 of 1st period - Stopped by Sergei Bobrovsky with a rebound.
9:22 of 1st period - Slapshot by Brendan Gallagher.
9:22 of 1st period - Shot Misses the Net.
9:24 of 1st period - Wrist shot by Steve Begin.
9:24 of 1st period - Stopped by Sergei Bobrovsky with a rebound.
9:26 of 1st period - Snap shot by Brendan Gallagher.
9:26 of 1st period - Shot Misses the Net.
9:28 of 1st period - Snap shot by Steve Begin.
9:28 of 1st period - Shot Blocked by Brett Sutter.
9:30 of 1st period - Slapshot by Brendan Gallagher.
9:30 of 1st period - Stopped by Sergei Bobrovsky without a rebound.
9:31 of 1st period - Markus Granlund wins face-off versus Tyler Brenner in Atomiques zone.
9:57 of 1st period - Wrist shot by Dwight King.
9:57 of 1st period - Shot Misses the Net.
9:59 of 1st period - Minor Penalty to Jeremy Welsh for Holding.
10:00 of 1st period - Tyler Brenner wins face-off versus Steve Begin in Carnivores zone.
10:09 of 1st period - Wrist shot by Kenndal McArdle.
10:09 of 1st period - Shot Misses the Net.
11:47 of 1st period - Tyler Brenner is hit by Anton Gustafsson and loses puck.
11:59 of 1st period - Penalty to Jeremy Welsh is over, Jeremy Welsh is back on ice.
12:04 of 1st period - Snap shot by Steve Begin.
12:04 of 1st period - Shot Misses the Net.
12:10 of 1st period - Sasha Pokulok is hit by Colby Cohen and loses puck.
12:15 of 1st period - Wrist shot by Andreas Engqvist.
12:15 of 1st period - Shot Blocked by Sasha Pokulok.
12:17 of 1st period - Snap shot by Eric Mestery.
12:17 of 1st period - Stopped by Mike McKenna without a rebound.
12:18 of 1st period - Markus Granlund wins face-off versus Brett Sutter in Carnivores zone.
13:17 of 1st period - Kyle Wharton is hit by Mat Clark and loses puck.
13:37 of 1st period - Wrist shot by Corey Tropp.
13:37 of 1st period - Stopped by Mike McKenna with a rebound.
13:39 of 1st period - Slapshot by Jonas Junland.
13:39 of 1st period - Stopped by Mike McKenna without a rebound.
13:40 of 1st period - Tyler Brenner wins face-off versus Markus Granlund in Carnivores zone.
13:41 of 1st period - Wrist shot by Ryan Shannon.
13:41 of 1st period - Stopped by Mike McKenna without a rebound.
13:42 of 1st period - Tyler Brenner wins face-off versus Markus Granlund in Carnivores zone.
13:43 of 1st period - Wrist shot by Ryan Shannon.
13:43 of 1st period - Stopped by Mike McKenna with a rebound.
14:07 of 1st period - Nate Schmidt is hit by Bobby Farnham and loses puck.
14:47 of 1st period - Slapshot by Scott Laughton.
14:47 of 1st period - Stopped by Sergei Bobrovsky without a rebound.
14:48 of 1st period - Nicolas Kerdiles wins face-off versus Andreas Engqvist in Atomiques zone.
14:49 of 1st period - Snap shot by Colton Orr.
14:49 of 1st period - Stopped by Sergei Bobrovsky with a rebound.
15:05 of 1st period - Snap shot by Andreas Engqvist.
15:05 of 1st period - Shot Misses the Net.
15:36 of 1st period - Snap shot by Colton Orr.
15:36 of 1st period - Stopped by Sergei Bobrovsky with a rebound.
15:38 of 1st period - Wrist shot by Ryan Murray.
15:38 of 1st period - Shot Misses the Net.
17:05 of 1st period - Jonas Junland is hit by Nicolas Kerdiles and loses puck.
17:30 of 1st period - Wrist shot by Colton Orr.
17:30 of 1st period - Shot Misses the Net.
17:32 of 1st period - Backhand shot by Colton Orr.
17:32 of 1st period - Stopped by Sergei Bobrovsky without a rebound.
17:33 of 1st period - Tyler Brenner wins face-off versus Anton Gustafsson in Atomiques zone.
19:24 of 1st period - Snap shot by Ryan Shannon.
19:24 of 1st period - Shot Blocked by Joe Corvo.
19:56 of 1st period - Wrist shot by Jeremy Williams.
19:56 of 1st period - Stopped by Sergei Bobrovsky without a rebound.
19:57 of 1st period - Tyler Brenner wins face-off versus Zack Smith in Atomiques zone.
19:57 of 1st period - Tyler Brenner is hit by Jeremy Welsh.
Goals for this period are 0 for Carnivores vs 0 for Atomiques.
Shots for this period are 14 for Carnivores vs 8 for Atomiques.

2nd period


0:01 of 2nd period - Tyler Brenner wins face-off versus Anton Gustafsson in neutral zone.
0:10 of 2nd period - Snap shot by Kenndal McArdle.
0:10 of 2nd period - Stopped by Mike McKenna with a rebound.
0:32 of 2nd period - Snap shot by Corey Tropp.
0:32 of 2nd period - Stopped by Mike McKenna without a rebound.
0:33 of 2nd period - Markus Granlund wins face-off versus Tyler Brenner in Carnivores zone.
0:51 of 2nd period - Off-side.
0:52 of 2nd period - Anton Gustafsson wins face-off versus Marc-André Cliche in neutral zone.
1:58 of 2nd period - Shayne Gostisbehere is hit by Zack Smith and loses puck.
2:10 of 2nd period - Off-side.
2:11 of 2nd period - Anton Gustafsson wins face-off versus Andreas Engqvist in neutral zone.
2:22 of 2nd period - Slapshot by Jonas Junland.
2:22 of 2nd period - Shot Blocked by Nate Schmidt.
2:24 of 2nd period - Slapshot by Jonas Junland.
2:24 of 2nd period - Shot Blocked by Joe Corvo.
2:26 of 2nd period - Snap shot by Andreas Engqvist.
2:26 of 2nd period - Shot Misses the Net.
2:57 of 2nd period - Snap shot by Corey Tropp.
2:57 of 2nd period - Stopped by Mike McKenna with a rebound.
3:34 of 2nd period - Anton Gustafsson is hit by Dwight King and loses puck.
3:44 of 2nd period - Minor Penalty to Corey Tropp for Hooking.
3:45 of 2nd period - Tyler Brenner wins face-off versus Markus Granlund in Atomiques zone.
4:27 of 2nd period - Snap shot by Brendan Gallagher.
4:27 of 2nd period - Stopped by Sergei Bobrovsky without a rebound.
4:28 of 2nd period - Tyler Brenner wins face-off versus Anton Gustafsson in Atomiques zone.
4:59 of 2nd period - Slapshot by Nikita Alexeev.
4:59 of 2nd period - Shot Misses the Net.
5:01 of 2nd period - Wrist shot by Blake Geoffrion.
5:01 of 2nd period - Deflect By Nikita Alexeev.
5:01 of 2nd period - Shot Misses the Net.
5:01 of 2nd period - Puck is out of play.
5:02 of 2nd period - Anton Gustafsson wins face-off versus Joseph Cramarossa in Atomiques zone.
5:07 of 2nd period - Snap shot by Steve Begin.
5:07 of 2nd period - Shot Blocked by Colby Cohen.
5:09 of 2nd period - Slapshot by Ryan Murray.
5:09 of 2nd period - Goal by Ryan Murray - Carnivores : 1 - Atomiques : 0.
5:10 of 2nd period - Anton Gustafsson wins face-off versus Tyler Brenner in neutral zone.
5:23 of 2nd period - Slapshot by Anton Gustafsson.
5:23 of 2nd period - Stopped by Sergei Bobrovsky without a rebound.
5:24 of 2nd period - Markus Granlund wins face-off versus Tyler Brenner in Atomiques zone.
5:33 of 2nd period - Backhand shot by Blake Geoffrion.
5:33 of 2nd period - Shot Misses the Net.
5:40 of 2nd period - Icing by Kyle Wharton.
5:41 of 2nd period - Tyler Brenner wins face-off versus Anton Gustafsson in Atomiques zone.
6:37 of 2nd period - Slapshot by Joe Corvo.
6:37 of 2nd period - Stopped by Sergei Bobrovsky without a rebound.
6:38 of 2nd period - Jeremy Williams wins face-off versus Kenndal McArdle in Atomiques zone.
6:49 of 2nd period - Backhand shot by Tyler Brenner.
6:49 of 2nd period - Stopped by Mike McKenna with a rebound.
6:53 of 2nd period - Wrist shot by Ryan Shannon.
6:53 of 2nd period - Stopped by Mike McKenna with a rebound.
6:59 of 2nd period - Minor Penalty to Jeremy Williams for Hooking.
7:00 of 2nd period - Tyler Brenner wins face-off versus Steve Begin in Carnivores zone.
7:14 of 2nd period - Snap shot by Ryan Shannon.
7:14 of 2nd period - Deflect By Kenndal McArdle.
7:14 of 2nd period - Shot Misses the Net.
7:14 of 2nd period - Puck is out of play.
7:15 of 2nd period - Tyler Brenner wins face-off versus Steve Begin in Carnivores zone.
7:18 of 2nd period - Snap shot by Kenndal McArdle.
7:18 of 2nd period - Stopped by Mike McKenna with a rebound.
7:29 of 2nd period - Off-side.
7:30 of 2nd period - Tyler Brenner wins face-off versus Brendan Gallagher in neutral zone.
8:40 of 2nd period - Snap shot by Brendan Gallagher.
8:40 of 2nd period - Stopped by Sergei Bobrovsky with a rebound.
8:59 of 2nd period - Penalty to Jeremy Williams is over, Jeremy Williams is back on ice.
9:12 of 2nd period - Jeremy Williams is hit by Brett Sutter and loses puck.
9:25 of 2nd period - Brock McGinn is hit by T.J Brodie and loses puck.
9:34 of 2nd period - Nicolas Kerdiles is hit by John Draeger and loses puck.
10:17 of 2nd period - Slapshot by Joe Corvo.
10:17 of 2nd period - Goal by Joe Corvo - Carnivores : 2 - Atomiques : 0.
10:18 of 2nd period - Anton Gustafsson wins face-off versus Tyler Brenner in neutral zone.
10:31 of 2nd period - Backhand shot by Kenndal McArdle.
10:31 of 2nd period - Stopped by Mike McKenna with a rebound.
10:33 of 2nd period - Wrist shot by Tyler Brenner.
10:33 of 2nd period - Goal by Tyler Brenner - Carnivores : 2 - Atomiques : 1.
10:34 of 2nd period - Tyler Brenner wins face-off versus Anton Gustafsson in neutral zone.
12:27 of 2nd period - Snap shot by Blake Geoffrion.
12:27 of 2nd period - Stopped by Sergei Bobrovsky without a rebound.
12:28 of 2nd period - Nikita Alexeev wins face-off versus Dwight King in Atomiques zone.
13:09 of 2nd period - Snap shot by Marc-André Cliche.
13:09 of 2nd period - Stopped by Mike McKenna without a rebound.
13:10 of 2nd period - Anton Gustafsson wins face-off versus Tyler Brenner in Carnivores zone.
14:08 of 2nd period - Snap shot by Colton Orr.
14:08 of 2nd period - Shot Misses the Net.
14:20 of 2nd period - Snap shot by Nikita Alexeev.
14:20 of 2nd period - Shot Misses the Net.
14:22 of 2nd period - Snap shot by Sasha Pokulok.
14:22 of 2nd period - Stopped by Sergei Bobrovsky without a rebound.
14:23 of 2nd period - Marc-André Cliche wins face-off versus Markus Granlund in Atomiques zone.
14:28 of 2nd period - Dwight King is hit by Blake Geoffrion and loses puck.
15:09 of 2nd period - Dwight King is hit by Josh Manson and loses puck.
16:22 of 2nd period - Snap shot by Dwight King.
16:22 of 2nd period - Shot Misses the Net.
16:24 of 2nd period - Snap shot by Dwight King.
16:24 of 2nd period - Deflect By Marc-André Cliche.
16:24 of 2nd period - Stopped by Mike McKenna without a rebound.
16:25 of 2nd period - Anton Gustafsson wins face-off versus Tyler Brenner in Carnivores zone.
16:25 of 2nd period - Anton Gustafsson is hit by Tyler Brenner.
16:36 of 2nd period - Minor Penalty to Joe Corvo for Hooking.
16:37 of 2nd period - Steve Begin wins face-off versus Tyler Brenner in Carnivores zone.
16:49 of 2nd period - Wrist shot by Ryan Shannon.
16:49 of 2nd period - Shot Misses the Net.
16:51 of 2nd period - Snap shot by Kenndal McArdle.
16:51 of 2nd period - Shot Misses the Net.
17:37 of 2nd period - Kenndal McArdle is hit by Ryan Murray and loses puck.
17:50 of 2nd period - Steve Begin is hit by Max McCormick and loses puck.
18:36 of 2nd period - Penalty to Joe Corvo is over, Joe Corvo is back on ice.
18:50 of 2nd period - Snap shot by Jeremy Welsh.
18:50 of 2nd period - Shot Blocked by Kyle Wharton.
Goals for this period are 2 for Carnivores vs 1 for Atomiques.
Shots for this period are 8 for Carnivores vs 10 for Atomiques.

3rd period


0:01 of 3rd period - Tyler Brenner wins face-off versus Anton Gustafsson in neutral zone.
0:23 of 3rd period - Icing by Anton Gustafsson.
0:24 of 3rd period - Markus Granlund wins face-off versus Marc-André Cliche in Carnivores zone.
0:24 of 3rd period - Markus Granlund is hit by Corey Tropp.
1:17 of 3rd period - Snap shot by Jeremy Welsh.
1:17 of 3rd period - Shot Misses the Net.
1:19 of 3rd period - Snap shot by Zack Smith.
1:19 of 3rd period - Deflect By Jeremy Williams.
1:19 of 3rd period - Shot Blocked by Brett Sutter.
1:19 of 3rd period - Puck is out of play.
1:20 of 3rd period - Markus Granlund wins face-off versus Tyler Brenner in Atomiques zone.
1:45 of 3rd period - Dwight King is hit by Brendan Gallagher and loses puck.
2:18 of 3rd period - Snap shot by Zack Smith.
2:18 of 3rd period - Goal by Zack Smith - Carnivores : 3 - Atomiques : 1.
2:19 of 3rd period - Anton Gustafsson wins face-off versus Tyler Brenner in neutral zone.
2:26 of 3rd period - Slapshot by Nate Schmidt.
2:26 of 3rd period - Stopped by Sergei Bobrovsky with a rebound.
2:37 of 3rd period - Minor Penalty to Steve Begin for Holding.
2:38 of 3rd period - Tyler Brenner wins face-off versus Brendan Gallagher in Carnivores zone.
2:43 of 3rd period - Wrist shot by Ryan Shannon.
2:43 of 3rd period - Shot Misses the Net.
3:03 of 3rd period - Kenndal McArdle is hit by Nate Schmidt and loses puck.
3:12 of 3rd period - Nate Schmidt is hit by Tyler Brenner and loses puck.
3:17 of 3rd period - Wrist shot by Tyler Brenner.
3:17 of 3rd period - Shot Misses the Net.
3:19 of 3rd period - Snap shot by Tyler Brenner.
3:19 of 3rd period - Shot Misses the Net.
3:27 of 3rd period - Snap shot by Kenndal McArdle.
3:27 of 3rd period - Stopped by Mike McKenna with a rebound.
3:40 of 3rd period - Scott Laughton is hit by Ryan Shannon and loses puck.
4:04 of 3rd period - Slapshot by Tyler Brenner.
4:04 of 3rd period - Stopped by Mike McKenna with a rebound.
4:13 of 3rd period - Off-side.
4:14 of 3rd period - Marc-André Cliche wins face-off versus Jeremy Welsh in neutral zone.
4:23 of 3rd period - Corey Tropp is hit by Jeremy Welsh and loses puck.
4:37 of 3rd period - Penalty to Steve Begin is over, Steve Begin is back on ice.
4:58 of 3rd period - Snap shot by Andrew Kozek.
4:58 of 3rd period - Shot Misses the Net.
5:00 of 3rd period - Slapshot by Brett Sutter.
5:00 of 3rd period - Deflect By Andrew Kozek.
5:00 of 3rd period - Shot Blocked by Adam Pelech.
5:00 of 3rd period - Puck is out of play.
5:01 of 3rd period - Blake Geoffrion wins face-off versus Andreas Engqvist in Carnivores zone.
5:55 of 3rd period - Wrist shot by Corey Tropp.
5:55 of 3rd period - Shot Misses the Net.
6:05 of 3rd period - Slapshot by Kyle Wharton.
6:05 of 3rd period - Stopped by Mike McKenna with a rebound.
6:07 of 3rd period - Slapshot by Jonas Junland.
6:07 of 3rd period - Deflect By Joe Corvo.
6:07 of 3rd period - Stopped by Mike McKenna with a rebound.
6:09 of 3rd period - Slapshot by Kyle Wharton.
6:09 of 3rd period - Stopped by Mike McKenna without a rebound.
6:10 of 3rd period - Anton Gustafsson wins face-off versus Andreas Engqvist in Carnivores zone.
6:10 of 3rd period - Anton Gustafsson is hit by Brock McGinn.
6:58 of 3rd period - Slapshot by Tyler Brenner.
6:58 of 3rd period - Stopped by Mike McKenna with a rebound.
7:00 of 3rd period - Slapshot by Kyle Wharton.
7:00 of 3rd period - Stopped by Mike McKenna with a rebound.
7:17 of 3rd period - Minor Penalty to Bobby Farnham for Holding.
7:18 of 3rd period - Anton Gustafsson wins face-off versus Tyler Brenner in Atomiques zone.
7:20 of 3rd period - Snap shot by Anton Gustafsson.
7:20 of 3rd period - Shot Misses the Net.
7:22 of 3rd period - Snap shot by Brendan Gallagher.
7:22 of 3rd period - Stopped by Sergei Bobrovsky without a rebound.
7:23 of 3rd period - Tyler Brenner wins face-off versus Anton Gustafsson in Atomiques zone.
7:34 of 3rd period - Slapshot by Kenndal McArdle.
7:34 of 3rd period - Shot Blocked by Joe Corvo.
7:52 of 3rd period - Wrist shot by Blake Geoffrion.
7:52 of 3rd period - Goal by Blake Geoffrion - Carnivores : 4 - Atomiques : 1.
7:53 of 3rd period - Anton Gustafsson wins face-off versus Tyler Brenner in neutral zone.
7:58 of 3rd period - Slapshot by Brendan Gallagher.
7:58 of 3rd period - Shot Misses the Net.
8:27 of 3rd period - Snap shot by Corey Tropp.
8:27 of 3rd period - Stopped by Mike McKenna with a rebound.
9:31 of 3rd period - Snap shot by Ryan Shannon.
9:31 of 3rd period - Shot Blocked by Mat Clark.
9:34 of 3rd period - Icing by Colton Orr.
9:35 of 3rd period - Corey Tropp wins face-off versus Scott Laughton in Carnivores zone.
9:36 of 3rd period - Snap shot by Dwight King.
9:36 of 3rd period - Stopped by Mike McKenna with a rebound.
9:57 of 3rd period - Off-side.
9:58 of 3rd period - Ryan Shannon wins face-off versus Anton Gustafsson in neutral zone.
10:05 of 3rd period - Snap shot by Ryan Shannon.
10:05 of 3rd period - Shot Blocked by Joe Corvo.
10:07 of 3rd period - Snap shot by Kenndal McArdle.
10:07 of 3rd period - Shot Misses the Net.
10:09 of 3rd period - Snap shot by Tyler Brenner.
10:09 of 3rd period - Stopped by Mike McKenna without a rebound.
10:10 of 3rd period - Anton Gustafsson wins face-off versus Tyler Brenner in Carnivores zone.
10:23 of 3rd period - Wrist shot by Steve Begin.
10:23 of 3rd period - Goal by Steve Begin - Carnivores : 5 - Atomiques : 1.
10:24 of 3rd period - Tyler Brenner wins face-off versus Anton Gustafsson in neutral zone.
10:35 of 3rd period - Colby Cohen is hit by Nate Schmidt and loses puck.
11:15 of 3rd period - Bobby Farnham is hit by Jeremy Welsh.
11:56 of 3rd period - Wrist shot by Kenndal McArdle.
11:56 of 3rd period - Shot Misses the Net.
12:28 of 3rd period - Off-side.
12:29 of 3rd period - Brett Sutter wins face-off versus Zack Smith in neutral zone.
12:34 of 3rd period - Slapshot by Andrew Kozek.
12:34 of 3rd period - Shot Blocked by Joe Corvo.
13:17 of 3rd period - Marc-André Cliche is hit by Josh Manson and loses puck.
13:31 of 3rd period - Icing by Dwight King.
13:32 of 3rd period - Scott Laughton wins face-off versus Marc-André Cliche in Atomiques zone.
13:37 of 3rd period - Snap shot by Brendan Gallagher.
13:37 of 3rd period - Stopped by Sergei Bobrovsky without a rebound.
13:38 of 3rd period - Anton Gustafsson wins face-off versus Tyler Brenner in Atomiques zone.
13:39 of 3rd period - Slapshot by Brendan Gallagher.
13:39 of 3rd period - Stopped by Sergei Bobrovsky with a rebound.
13:57 of 3rd period - Tyler Brenner is hit by Anton Gustafsson and loses puck.
14:07 of 3rd period - Icing by Steve Begin.
14:08 of 3rd period - Marc-André Cliche wins face-off versus Markus Granlund in Carnivores zone.
14:09 of 3rd period - Snap shot by Dwight King.
14:09 of 3rd period - Shot Misses the Net.
14:33 of 3rd period - Wrist shot by Colton Orr.
14:33 of 3rd period - Deflect By Scott Laughton.
14:33 of 3rd period - Goal by Scott Laughton - Carnivores : 6 - Atomiques : 1.
14:34 of 3rd period - Anton Gustafsson wins face-off versus Tyler Brenner in neutral zone.
14:59 of 3rd period - Joe Corvo is hit by Dwight King and loses puck.
16:20 of 3rd period - Slapshot by Dwight King.
16:20 of 3rd period - Stopped by Mike McKenna without a rebound.
16:21 of 3rd period - Marc-André Cliche wins face-off versus Markus Granlund in Carnivores zone.
16:57 of 3rd period - Icing by Jonas Junland.
16:58 of 3rd period - Anton Gustafsson wins face-off versus Marc-André Cliche in Atomiques zone.
16:59 of 3rd period - Wrist shot by Brendan Gallagher.
16:59 of 3rd period - Stopped by Sergei Bobrovsky with a rebound.
17:11 of 3rd period - Snap shot by Marc-André Cliche.
17:11 of 3rd period - Stopped by Mike McKenna without a rebound.
17:12 of 3rd period - Anton Gustafsson wins face-off versus Tyler Brenner in Carnivores zone.
17:19 of 3rd period - Slapshot by Shayne Gostisbehere.
17:19 of 3rd period - Shot Blocked by Anton Gustafsson.
17:21 of 3rd period - Slapshot by Ryan Shannon.
17:21 of 3rd period - Shot Blocked by Brendan Gallagher.
17:23 of 3rd period - Snap shot by Kenndal McArdle.
17:23 of 3rd period - Shot Blocked by Anton Gustafsson.
17:25 of 3rd period - Snap shot by Kenndal McArdle.
17:25 of 3rd period - Shot Misses the Net.
17:27 of 3rd period - Snap shot by Colby Cohen.
17:27 of 3rd period - Goal by Colby Cohen - Carnivores : 6 - Atomiques : 2.
17:28 of 3rd period - Anton Gustafsson wins face-off versus Tyler Brenner in neutral zone.
17:59 of 3rd period - Wrist shot by Corey Tropp.
17:59 of 3rd period - Deflect By Dwight King.
17:59 of 3rd period - Shot Blocked by Nate Schmidt.
17:59 of 3rd period - Puck is out of play.
18:00 of 3rd period - Marc-André Cliche wins face-off versus Markus Granlund in Carnivores zone.
18:07 of 3rd period - Slapshot by Nikita Alexeev.
18:07 of 3rd period - Stopped by Sergei Bobrovsky without a rebound.
18:08 of 3rd period - Anton Gustafsson wins face-off versus Tyler Brenner in Atomiques zone.
18:09 of 3rd period - Slapshot by Brendan Gallagher.
18:09 of 3rd period - Stopped by Sergei Bobrovsky with a rebound.
18:16 of 3rd period - Minor Penalty to Tyler Brenner for Interference.
18:17 of 3rd period - Kenndal McArdle wins face-off versus Anton Gustafsson in Atomiques zone.
18:17 of 3rd period - Kenndal McArdle is hit by Steve Begin.
18:42 of 3rd period - Jonas Junland is hit by Markus Granlund and loses puck.
Goals for this period are 4 for Carnivores vs 1 for Atomiques.
Shots for this period are 11 for Carnivores vs 13 for Atomiques.